 Dungeon Crawl Stone Soup version 0.31.0-12-g77e489cdc1 (webtiles) character file.

Game seed: 10936112673445622992

58 jagang the Changeling (level 3, -1/27 HPs)
             Began as a Demonspawn Shapeshifter on Feb 15, 2024.
             Succumbed to a scorpion's poison
             ... on level 2 of the Dungeon.
             The game lasted 00:01:35 (888 turns).

jagang the Changeling (Demonspawn Shapeshifter)      Turns: 888, Time: 00:01:35

Health: -1/27      AC:  2    Str: 16    XL:     3   Next: 75%
Magic:  3/3        EV: 12    Int: 10    God:
Gold:   45         SH:  0    Dex: 12    Spells: 2/2 levels left

rFire   . .          .
                       - Unarmed
rCold   . . .        (no shield)
rNeg    . . .        a - +0 animal skin
rPois   .            (helmet currently unavailable)
rElec   .            (cloak currently unavailable)
rCorr   .            (gloves currently unavailable)
SInv    .            (boots currently unavailable)
Will    .....        (no amulet)
Stlth   +            (no ring)
HPRegen 0.24/turn    (no ring)
MPRegen 0.08/turn

%: no passive effects
@: lethally poisoned (-1 -> -14), beast-form
A: beast (slay +1), demonic guardian 1, powered by death 1
a: Begin Untransformation


You were on level 2 of the Dungeon.
You were a hulking beast.
You visited 1 branch of the dungeon, and saw 2 of its levels.

You collected 45 gold pieces.

Inventory:

Armour
 a - a +0 animal skin (worn)
Talismans
 c - a beast talisman
 d - a flux talisman
 f - a serpent talisman
Scrolls
 g - a scroll of noise {unknown}
 h - a scroll of vulnerability {unknown}
Potions
 b - a potion of lignification
 e - a potion of heal wounds {unknown}


   Skills:
 + Level 1.8 Fighting
 + Level 2.2 Dodging
 + Level 3.1 Unarmed Combat
 * Level 3.3 Shapeshifting


You had 2 spell levels left.
You didn't know any spells.
Your spell library contained the following spells:

 Spells                   Type           Power      Damage    Failure   Level
 Apportation              Tloc           0%         N/A       36%         1
 Necrotise                Necr           0%         1d4       36%         1
 Sting                    Conj/Alch      0%         1d3       36%         1
 Summon Small Mammal      Summ           0%         N/A       36%         1


Dungeon Overview and Level Annotations

Branches:
Dungeon (2/15)

Altars:


Innate Abilities, Weirdness & Mutations

You are a hulking beast.
Your limbs bulge with bestial killing power. (Slay +1)
A weak demonic guardian rushes to your aid.
You regenerate a little health from kills.


Message History

The scorpion misses you.
You hit the scorpion.
The scorpion is lightly wounded.
The scorpion stings you but does no damage.
You hit the scorpion but do no damage.
The scorpion is lightly wounded.
The scorpion stings you.
You are poisoned.
The scorpion poisons you!
You closely miss the scorpion.
The scorpion is lightly wounded.
You feel sick. The scorpion barely misses you.
You barely miss the scorpion.
The scorpion is lightly wounded.
You feel sick. The scorpion barely misses you.
You hit the scorpion.
The scorpion is moderately wounded.
You feel sick. The scorpion stings you.
You hit the scorpion.
The scorpion is heavily wounded.
You feel sick.
The scorpion stings you but does no damage.
You are too injured to fight recklessly!
You are too injured to fight recklessly!
You are too injured to fight recklessly!
You hit the scorpion but do no damage.
The scorpion is heavily wounded.
You feel sick. The scorpion stings you.
* * * LOW HITPOINT WARNING * * *
The scorpion stings you.
* * * LOW HITPOINT WARNING * * *
A demonic guardian appears!
You are lethally poisoned!
The scorpion poisons you!
You barely miss the scorpion.
The scorpion is heavily wounded.
* * * LOW HITPOINT WARNING * * *
You feel very sick.
The scorpion stings you but does no damage.
You die...

.....^. ... #.)...#
...!....# #.. #.....#
.......[# #... #.....#
........## #...##.....#
.........# #..........###
.........# #...#........#
.........# ### ##.....#..
.........########.....###
#####s.h................
#.5...........###...
#.............# ...
#.............# ..
#...########### #...#
#...# #...#


You could see a scorpion (ally target) and a friendly quasit (summoned).

Vanquished Creatures
  2 adders (D:2)
  A dart slug (D:1)
  4 bats
  4 endoplasms
  3 goblins
  2 hobgoblins
  2 jackals (D:1)
  4 kobolds
  4 ball pythons
  2 frilled lizards (D:1)
  4 rats
32 creatures vanquished.

Vanquished Creatures (collateral kills)
  A dart slug (D:2)
  A giant cockroach (D:1)
  A bat (D:1)
3 creatures vanquished.

Grand Total: 35 creatures vanquished

Notes
Turn   | Place    | Note
-------+----------+-------------------------------------------
     0 | D:1      | jagang the Demonspawn Shapeshifter began the quest for the
                  | Orb.
     0 | D:1      | Reached XP level 1. HP: 15/15 MP: 1/1
    93 | D:1      | Gained mutation: A weak demonic guardian rushes to your
                  | aid. [demonic ancestry]
    93 | D:1      | Reached XP level 2. HP: 21/21 MP: 2/2
   324 | D:1      | You fall into a shaft and drop 1 floor!
   340 | D:2      | Gained mutation: You regenerate a little health from kills.
                  | [demonic ancestry]
   340 | D:2      | Reached XP level 3. HP: 23/26 MP: 3/3
   868 | D:2      | Noticed a scorpion
   888 | D:2      | Succumbed to a scorpion's poison

Illustrated notes

Levels and vault maps discovered:
D:1:      wander_arrival_chamber, layout_loops_ring
D:2:      layout_basic

Skill      XL: |  1  2 |
---------------+-------+-----
Dodging        | 2 |  2.2
Shapeshifting  | 3 |  3.3
Unarmed Combat | 3 |  3.1
Fighting       | |  1.8

Action                     || total
---------------------------++-------
  Melee: Unarmed           ||    93
         Punch             ||     3
   Stab: Sleeping          ||     1
 Armour: Animal skin       ||    45
  Dodge: Dodged            ||    63
